Map: Ruins of Endion

Players

Miszu

  • Race: Terran Terran
  • League: Master

BsmntNtv - Winner!

  • Race: Protoss Protoss
  • League: Master

VOD

Have the link to the VOD?

Description

Time

  • Played on: July 6, 2016, 7:50 p.m.
  • Length: 8:41
Show
View Real Time Build Order
Export as new Build Order

Miszu Terran 

Build Orders: 1/1/1, Liberator Opening 

Get SALT Encoding   

  12  0:01  SCV  
  13  0:14  SCV  
  14  0:17  Supply Depot  
  14  0:26  SCV  
  15  0:39  SCV  
  16  0:42  Barracks  
  16  0:47  Refinery  
  16  0:51  SCV  
  17  1:00  Refinery  
  17  1:03  SCV  
  18  1:15  SCV  
  19  1:27  SCV  
  19  1:30  Marine  
  21  1:38  Factory  
  21  1:39  Orbital Command  
  21  1:49  Supply Depot, Barracks Reactor  
  21  2:06  SCV  
  22  2:18  SCV  
  23  2:24  Starport, Factory Tech Lab  
  23  2:25  Marine x2  
  23  2:29  Supply Depot  
  25  2:30  SCV  
  26  2:42  SCV  
  26  2:43  Marine x2  
  29  2:51  Siege Tank  
  32  2:54  Supply Depot  
  32  3:01  Marine x2, Medivac  
  36  3:18  Marine  
  36  3:19  Supply Depot, Marine  
  38  3:21  Liberator  
  41  3:34  Cyclone  
  42  3:40  Marine x2  
  47  3:50  Supply Depot  
  38  4:13  Marine x2  
  38  4:33  Viking  
  35  4:54  SCV  
  33  5:05  Marine x2  
  33  5:06  SCV  
  33  5:18  SCV  
  35  5:30  SCV  
  33  5:35  Marine  
  33  5:37  Cyclone  
  33  5:42  SCV  
  35  5:53  Marine  
  35  5:54  Marine, SCV  
  37  5:58  Viking  
  39  6:06  SCV  
  39  6:09  Siege Tank  
  43  6:11  Reaper  
  44  6:18  SCV  
  45  6:29  Command Center  
  45  6:30  SCV  
  46  6:41  Siege Tank  
  49  6:48  SCV  
  50  7:00  SCV  
  44  7:04  Marine x2  
  45  7:10  Viking  
  45  7:12  SCV  
  48  7:22  Marine x2  
  50  7:25  SCV  
  52  7:37  SCV  
  52  7:40  Viking  
  54  7:44  Orbital Command  
  54  7:49  SCV  
  55  7:55  Marine x2  
  58  8:05  SCV  
  58  8:08  Orbital Command  
  58  8:13  Marine  
  58  8:15  Starport Reactor  
  58  8:16  Barracks  
  58  8:17  Barracks  
  58  8:18  SCV  
Show
View Real Time Build Order
Export as new Build Order

BsmntNtv Protoss - Winner!

Build Orders: Oracle Opening 

Get SALT Encoding   

  12  0:02  Probe (Chrono Boost)  
  13  0:12  Probe (Chrono Boost)  
  14  0:18  Pylon  
  14  0:23  Probe (Chrono Boost)  
  15  0:36  Probe (Chrono Boost)  
  15  0:38  Gateway  
  16  0:44  Assimilator  
  16  0:47  Probe (Chrono Boost)  
  17  0:53  Assimilator  
  17  0:57  Probe (Chrono Boost)  
  18  1:08  Probe (Chrono Boost)  
  19  1:18  Probe (Chrono Boost)  
  19  1:25  Cybernetics Core  
  20  1:30  Probe (Chrono Boost)  
  21  1:34  Pylon  
  21  1:41  Probe (Chrono Boost)  
  22  1:51  Probe (Chrono Boost)  
  23  2:02  Mothership Core (Chrono Boost)  
  23  2:03  Warp Gate (Chrono Boost)  
  23  2:06  Pylon  
  25  2:14  Stargate  
  25  2:25  Gateway  
  25  2:27  Stalker  
  27  2:34  Gateway  
  26  2:58  Oracle (Chrono Boost), Pylon  
  29  3:30  Void Ray (Chrono Boost)  
  33  3:35  Pylon  
  33  4:06  Stalker x3  
  39  4:12  Pylon  
  39  4:14  Pylon  
  39  4:15  Void Ray (Chrono Boost)  
  39  4:34  Adept x2  
  40  5:07  Adept x2  
  40  5:08  Adept  
  46  5:31  Probe  
  44  5:51  Stalker x2  
  44  5:52  Adept  
  50  5:57  Probe  
  51  6:12  Nexus  
  51  6:23  Probe  
  52  6:26  Sentry x2  
  52  6:27  Adept  
  58  6:35  Pylon, Probe  
  43  7:03  Adept x3  
  49  7:17  Void Ray (Chrono Boost)  
  49  7:21  Adept  
  55  7:25  Probe  
  55  7:26  Probe  
  57  7:33  Adept  
  59  7:45  Probe  
  59  7:46  Probe  
  59  7:51  Sentry  
  63  7:53  Adept  
  65  8:02  Adept  
  67  8:16  Adept x2  
  71  8:21  Adept  
Tags
 
Add a new tag
Caveats
  • Supply blocks, unpowered buildings, or Contaminate may cause inaccurate times.
  • Supply counts are checked every 10 seconds.